 Dungeon Crawl Stone Soup version 0.24.0-125-gc4c63601f3 (webtiles) character file.

Game seed: 3648567577267778325, levelgen mode: deterministic

140245 Frank2 the Bludgeoner (level 16, -3/141 HPs)
             Began as a Demonspawn Gladiator on Mar 12, 2020.
             Was the Champion of Makhleb.
             Slain by a seven-headed hydra (14 damage)
             ... on level 4 of the Swamp.
             The game lasted 00:47:49 (21535 turns).

Frank2 the Bludgeoner (Demonspawn Gladiator)       Turns: 21535, Time: 00:47:50

Health: -3/141     AC: 16    Str: 22    XL:     16   Next: 75%
Magic:  25/25      EV: 18    Int: 11    God:    Makhleb [******]
Gold:   1915       SH: 15    Dex: 20    Spells: 15/15 levels left

rFire    + + .     SeeInvis .   B - +3 morningstar of Purpose {elec, rC+ Str+4 Stlth+} (curse)
rCold    . . .     Gourm    .   r - +3 buckler {rPois}
rNeg     . . .     Faith    .   s - +0 ring mail of Polytheism {rF+ rC- Slay+3 Stlth+}
rPois    +         Spirit   .   c - +1 helmet
rElec    .         Reflect  +   w - +0 cloak
rCorr    .         Harm     .   z - +1 pair of gloves {Str+3}
MR       ++...                  (boots unavailable)
Stlth    +++.......             m - +5 amulet of reflection
HPRegen  0.33/turn              H - ring of protection from magic
MPRegen  0.19/turn              G - +5 ring of slaying

@: lethally poisoned (-3 -> -3), about to teleport
A: hooves 3, yellow scales 2, demonic guardian 2, fire resistance 1, ignite
blood, robust 1, flame cloud immunity
a: Minor Destruction, Lesser Servant of Makhleb, Major Destruction, Greater
Servant of Makhleb, Renounce Religion


You were on level 4 of the Swamp.
You worshipped Makhleb.
Makhleb was exalted by your worship.
You were hungry.

You visited 5 branches of the dungeon, and saw 28 of its levels.
You also visited: Ice Cave.

You collected 2522 gold pieces.
You spent 607 gold pieces at shops.

Inventory:

Hand Weapons
 B - the cursed +3 morningstar of Purpose (weapon) {elec, rC+ Str+4 Stlth+}
   (You bought it in a shop on level 8 of the Dungeon)

   Occasionally, upon striking a foe, it will discharge some electrical energy
   and cause terrible harm.
   It affects your strength (+4).
   It protects you from cold.
   It makes you more stealthy.
   It has a curse placed upon it.
Armour
 c - a +1 helmet (worn)
 j - a +0 buckler of cold resistance
 r - a +3 buckler of poison resistance (worn)
 s - the +0 ring mail of Polytheism (worn) {rF+ rC- Slay+3 Stlth+}
   (You found it on level 4 of the Dungeon)

   It affects your accuracy and damage with ranged weapons and melee attacks
   (+3).
   It protects you from fire.
   It makes you vulnerable to cold.
   It makes you more stealthy.
 w - a +0 cloak (worn)
 z - a +1 pair of gloves of strength (worn)
 M - +0 acid dragon scales
 N - +0 steam dragon scales
 O - +0 swamp dragon scales
Jewellery
 h - an uncursed amulet of regeneration
 l - an uncursed ring of resist corrosion
 m - a +5 amulet of reflection (around neck)
 G - a +5 ring of slaying (right hand)
 H - a ring of protection from magic (left hand)
Wands
 o - a wand of scattershot (3)
 A - a wand of digging (18)
 C - a wand of iceblast (22)
 D - a wand of paralysis (22)
 E - a wand of clouds (8)
 J - a wand of acid (16)
 P - a wand of flame (13)
Scrolls
 d - 3 scrolls of fear
 e - 13 scrolls of teleportation
 i - 3 scrolls of blinking
 k - 5 scrolls of magic mapping
 n - a scroll of enchant armour
 q - 10 scrolls of remove curse
 u - a scroll of torment
 y - 11 scrolls of identify
 F - 4 scrolls of enchant weapon
 K - a scroll of holy word {unknown}
 R - a scroll of silence {unknown}
Potions
 a - 3 potions of mutation
 b - 14 potions of curing
 g - 3 potions of ambrosia
 p - 9 potions of haste
 t - 4 potions of might
 x - 3 potions of flight
 I - a potion of resistance {unknown}
 Q - a potion of heal wounds
 S - 2 potions of cancellation
Miscellaneous
 v - a lamp of fire
 L - a box of beasts
 T - a lamp of fire
 U - a phantom mirror
Comestibles
 f - 46 rations


   Skills:
 + Level 12.7 Fighting
 + Level 16.6 Maces & Flails
 - Level 1.7 Throwing
 + Level 9.1 Armour
 + Level 9.2 Dodging
 + Level 9.1 Shields
 * Level 12.0 Invocations
 * Level 9.8 Evocations


You had 15 spell levels left.
You didn't know any spells.
Your spell library contained the following spells:

 Spells                   Type           Power        Failure   Level  Hunger
 Animate Skeleton         Necr           N/A          45%         1    ##.....
 Flame Tongue             Conj/Fire      #....        45%         1    ##.....
 Pain                     Necr           #...         45%         1    ##.....
 Corpse Rot               Necr           N/A          61%         2    ###....
 Sublimation of Blood     Necr           #.........   61%         2    ###....
 Throw Flame              Conj/Fire      #.....       61%         2    ###....
 Conjure Flame            Conj/Fire      #.......     83%         3    ####...
 Inner Flame              Hex/Fire       #.......     83%         3    ####...
 Regeneration             Chrm/Necr      #.........   83%         3    ####...
 Vampiric Draining        Necr           #.........   83%         3    ####...
 Animate Dead             Necr           N/A          99%         4    #####..
 Cause Fear               Hex            #.........   99%         4    #####..
 Sticky Flame             Conj/Fire      #.......     99%         4    #####..
 Agony                    Necr           #.......     100%        5    ######.
 Bolt of Draining         Conj/Necr      #.........   100%        5    ######.
 Bolt of Magma            Conj/Fire/Erth #.........   100%        5    ######.
 Dispel Undead            Necr           #.......     100%        5    ######.
 Excruciating Wounds      Chrm/Necr      #.........   100%        5    ######.
 Fireball                 Conj/Fire      #.........   100%        5    ######.
 Irradiate                Conj/Tmut      #.........   100%        5    ######.
 Iskenderun's Battlesphe  Conj/Chrm      #.......     100%        5    ######.
 Silence                  Hex/Air        #.........   100%        5    ######.
 Venom Bolt               Conj/Pois      #.........   100%        5    ######.
 Yara's Violent Unravell  Hex/Tmut       #.........   100%        5    ######.
 Deflect Missiles         Chrm/Air       #.........   100%        6    #######
 Hydra Form               Tmut           #.........   100%        6    #######
 Iron Shot                Conj/Erth      #.........   100%        6    #######
 Statue Form              Tmut/Erth      #........    100%        6    #######
 Dragon Form              Tmut           #.........   100%        7    #######
 Orb of Destruction       Conj           #.........   100%        7    #######
 Spellforged Servitor     Conj/Summ      #.........   100%        7    #######
 Discord                  Hex            #.........   100%        8    #######


Dungeon Overview and Level Annotations

Branches:
Dungeon (15/15)            Temple (1/1) D:4            Lair (6/6) D:9
  Swamp (4/4) Lair:4       Spider (0/4) Lair:3        Slime (0/5) Lair:6
    Orc (2/2) D:10            Elf (0/3) Orc:2        Vaults (0/5) D:13
 Depths (0/5) D:15          IceCv (visited)

Altars:
Ashenzari
Cheibriados
Dithmenos
Elyvilon
Fedhas
Gozag
Hepliaklqana
Kikubaaqudgha
Makhleb
Nemelex Xobeh
Okawaru
Qazlal
Ru
Sif Muna
Trog
Uskayaw
Vehumet
Wu Jian
Xom
Yredelemnul
Zin
The Shining One
Beogh

Shops:
D:8 (   D:9 ?   D:15 [![   Orc:1 :   Orc:2 (=:=*

Annotations:
D:6 2 runed translucent doors, Jerry's ghost, novice DDFi


Innate Abilities, Weirdness & Mutations

You have hooves in place of feet.
You are mostly covered in yellow scales. (AC +3)
A demonic guardian rushes to your aid.
Your flesh is heat resistant. (rF+)
Your demonic aura causes spilled blood to erupt in flames.
You are robust. (+10% HP)
You are immune to clouds of flame.


Message History

The seven-headed hydra completely misses you.
You block the seven-headed hydra's attack.
The seven-headed hydra barely misses you.
You block the seven-headed hydra's attack.
The seven-headed hydra completely misses you.
You block the seven-headed hydra's attack.
The seven-headed hydra barely misses you.
The swamp drake breathes noxious fumes at you.
The noxious blast engulfs the seven-headed hydra but does no damage.
The seven-headed hydra bites you!
* * * LOW HITPOINT WARNING * * *
The seven-headed hydra bites you!
* * * LOW HITPOINT WARNING * * *
The seven-headed hydra misses you. The seven-headed hydra bites you.
* * * LOW HITPOINT WARNING * * *
The seven-headed hydra bites you.
* * * LOW HITPOINT WARNING * * *
The seven-headed hydra closely misses you.
The seven-headed hydra bites you!
You die...

♣≈≈≈..♣.......♣♣.≈≈.♣
♣≈°.°.♣≈..♣≈♣♣♣♣≈≈≈.♣
.###♣♣♣.≈°°♣≈≈.≈♣♣♣....♣♣
.§.?..†°°°°♣≈≈≈≈..≈≈≈≈.♣
♣≈≈.≈.≈[°°°♣♣≈....≈≈§≈.♣
≈....DDn♣♣♣♣♣♣♣†.≈≈...♣♣
≈###♣§kD°♣♣♣ ♣.†≈≈.♣♣♣
♣♣○○°DD♣♣♣♣†≈≈≈≈≈♣
♣°k○D@...≈♣≈≈≈≈♣♣
♣♣○♣○○○≈≈.♣♣..♣♣
♣≈○.○○≈≈≈.♣♣.♣
♣≈≈≈≈.≈≈≈[♣♣♣≈♣
♣≈≈≈≈.≈≈≈.≈♣♣♣♣
♣♣≈≈≈.....♣♣ ♣♣♣♣♣♣♣
♣≈≈≈.....♣♣♣♣≈≈..≈♣
≈≈≈≈≈.≈≈≈≈♣♣≈.♣.≈♣♣ ♣♣ ♣♣
≈≈≈.≈≈≈.≈♣♣♣♣≈..♣♣


You could see an eight-headed hydra, 3 seven-headed hydras, a five-headed hydra,
a four-headed hydra, a bog body and 2 swamp drakes.

Vanquished Creatures
  A tentacled monstrosity (Swamp:3)
  A thorn hunter (Swamp:3)
  Roxanne (Swamp:1)
  A reaper (IceCv)
  A stone giant (Orc:1)
  Snorg (D:10)
  Fannar (Lair:2)
  13 hydras
  A yaktaur captain (D:15)
  Harold (D:7)
  A shambling mangrove (Swamp:2)
  A catoblepas (Lair:6)
  2 ghost crabs
  Erica (D:10)
  11 alligators
  3 ogre magi
  11 two-headed ogres
  7 death yaks (Lair:6)
  4 centaur warriors
  An orc high priest (Orc:1)
  An unseen horror (shapeshifter) (D:15)
  2 deep trolls (Orc:2)
  3 unseen horrors (D:15)
  2 spriggan druids
  9 swamp dragons
  2 orc knights
  5 oklob plants
  An orc sorcerer (Orc:1)
  8 cyclopes
  5 manticores
  5 elephants (Lair:6)
  10 ugly things
  A black mamba (Lair:1)
  2 ice statues (IceCv)
  A salamander (shapeshifter) (D:15)
  A black mamba (shapeshifter) (D:15)
  4 gargoyles
  A smoke demon (D:14)
  11 spiny frogs
  10 ice devils
  8 komodo dragons
  2 kobold demonologists (D:15)
  2 rime drakes (Lair:6)
  A freezing wraith (D:15)
  2 tengu conjurers (D:14)
  7 hornets
  2 polar bears
  12 trolls
  11 blink frogs
  14 tyrant leeches
  7 bog bodies
  A wolf spider simulacrum (D:15)
  Prince Ribbit (D:5)
  7 hippogriffs
  11 slime creatures
  4 wyverns
  3 shadows
  3 spriggans
  4 wraiths
  5 basilisks
  50 yaks
  A hog (shapeshifter) (D:15)
  Grum (D:10)
  16 vampire mosquitoes
  4 hungry ghosts
  14 swamp worms
  A steam dragon (Lair:6)
  2 wargs
  Menkaure (D:4)
  3 acid dragons
  14 insubstantial wisps
  3 soldier ants
  9 swamp drakes
  11 water moccasins
  7 porcupines
  Duvessa (D:7)
  3 black bears
  4 phantoms
  4 sky beasts
  A slave (D:8)
  A black bear (shapeshifter) (D:15)
  An eye of draining (D:11)
  15 ice beasts
  18 orc warriors
  A necrophage (D:7)
  5 boggarts (D:15)
  14 wolves
  22 ogres
  20 centaurs
  7 big kobolds
  14 crocodiles
  14 bullfrogs
  2 gnoll sergeants (D:10)
  A wyvern skeleton (D:13)
  A hornet simulacrum (D:12)
  9 scorpions
  9 killer bees (D:12)
  5 howler monkeys
  13 wights
  2 electric eels (Lair:1)
  15 crimson imps
  3 bullfrog zombies
  7 centaur zombies
  14 orc priests
  12 orc wizards
  2 bullfrog skeletons
  A gnoll shaman (D:9)
  8 hounds
  7 jellies
  8 centaur skeletons
  Jessica (D:7)
  6 iguanas
  8 worker ants
  A killer bee zombie (D:8)
  A centaur simulacrum (D:12)
  3 hound skeletons
  2 worker ant zombies
  9 gnolls
  A howler monkey zombie (D:5)
  12 adders
  6 shadow imps
  14 white imps
  7 ufetubi
  2 adder skeletons
  A worm (D:5)
  A dart slug (D:1)
  8 leopard geckos
  70 orcs
  8 bats
  5 giant cockroaches
  7 goblins
  5 hobgoblins
  5 jackals
  2 quokkas
  6 frilled lizards
  25 kobolds
  2 leopard gecko zombies (D:6)
  A quokka skeleton (D:5)
  4 rats
  2 briar patches (Swamp:3)
  4 fungi
  4 plants
889 creatures vanquished.

Vanquished Creatures (collateral kills)
  Jorgrun (Orc:1)
  Aizul (Swamp:2)
  An ironheart preserver (D:13)
  A fire dragon (Lair:6)
  An alligator (Swamp:1)
  2 hydras
  A death yak (Lair:6)
  A swamp dragon (Swamp:4)
  Pikel (D:8)
  3 ugly things
  An orc knight (Orc:1)
  A black mamba (Lair:6)
  An elephant (Lair:6)
  A komodo dragon (Lair:6)
  A troll (Orc:2)
  A slime creature (D:12)
  A bog body (Swamp:2)
  2 blink frogs (Lair:5)
  7 yaks
  A steam dragon (Lair:6)
  An ice beast (D:14)
  A swamp drake (Swamp:2)
  An orc warrior (Orc:1)
  4 ogres
  2 crocodiles
  Dowan (D:7)
  A scorpion (D:4)
  An orc priest (Orc:2)
  8 orcs
  A giant cockroach (D:4)
  2 fungi (D:7)
  A plant (Lair:4)
54 creatures vanquished.

Vanquished Creatures (others)
  A tyrant leech (Swamp:2)
  A bullfrog zombie (D:8)
  A white imp (IceCv)
  4 ufetubi (IceCv)
  6 fungi
  3 plants
16 creatures vanquished.

Grand Total: 959 creatures vanquished

Notes
Turn   | Place    | Note
-------+----------+-------------------------------------------
     0 | D:1      | Frank2 the Demonspawn Gladiator began the quest for the
                  | Orb.
     0 | D:1      | Reached XP level 1. HP: 16/16 MP: 1/1
    19 | D:1      | Reached skill level 3 in Maces & Flails
   210 | D:1      | Gained mutation: You have large cloven feet. [demonic
                  | ancestry]
   210 | D:1      | Reached XP level 2. HP: 22/22 MP: 2/2
   617 | D:1      | Gained mutation: A weak demonic guardian rushes to your
                  | aid. [demonic ancestry]
   617 | D:1      | Reached XP level 3. HP: 3/27 MP: 3/3
  1111 | D:2      | Reached XP level 4. HP: 31/34 MP: 4/4
  1122 | D:2      | Reached skill level 1 in Armour
  1484 | D:2      | Reached skill level 4 in Maces & Flails
  1847 | D:3      | Gained mutation: Your flesh is heat resistant. (rF+)
                  | [demonic ancestry]
  1847 | D:3      | Reached XP level 5. HP: 39/39 MP: 5/5
  1998 | D:3      | Found a shimmering altar of Xom.
  2231 | D:4      | Got a jewelled ring mail
  2242 | D:4      | Identified the +0 ring mail of Polytheism {rF+ rC- Slay+3
                  | Stlth+} (You found it on level 4 of the Dungeon)
  2268 | D:4      | Noticed Menkaure
  2275 | D:4      | Killed Menkaure
  2288 | D:4      | Gained mutation: You are immune to clouds of flame.
                  | [demonic ancestry]
  2288 | D:4      | Reached XP level 6. HP: 40/46 MP: 6/6
  2292 | D:4      | Reached skill level 5 in Maces & Flails
  2521 | D:4      | Gained mutation: You are partially covered in yellow
                  | scales. (AC +2) [demonic ancestry]
  2521 | D:4      | Reached XP level 7. HP: 28/52 MP: 7/7
  2617 | D:4      | Found a staircase to the Ecumenical Temple.
  2711 | Temple   | Entered the Ecumenical Temple
  2756 | Temple   | Became a worshipper of Makhleb the Destroyer
  3058 | D:5      | Entered Level 5 of the Dungeon
  3063 | D:5      | Reached skill level 6 in Maces & Flails
  3153 | D:5      | Noticed Prince Ribbit
  3162 | D:5      | Killed Prince Ribbit
  3583 | D:5      | Gained mutation: You have hoof-like feet. [demonic
                  | ancestry]
  3583 | D:5      | Reached XP level 8. HP: 47/60 MP: 8/8
  3822 | D:5      | Found a glowing golden altar of the Shining One.
  4081 | D:6      | Reached * piety under Makhleb
  4432 | D:6      | Found a bloodstained altar of Trog.
  4438 | D:6      | Reached skill level 7 in Maces & Flails
  4438 | D:6      | Reached skill level 1 in Shields
  4539 | D:6      | Found a large runed translucent door.
  4539 | D:6      | Found a large runed translucent door.
  4540 | D:6      | Noticed Jerry's ghost (novice DDFi)
  4560 | D:6      | Found a shadowy altar of Dithmenos.
  4840 | D:7      | Found a snail-covered altar of Cheibriados.
  4920 | D:7      | Found a blossoming altar of Fedhas.
  4935 | D:7      | Noticed an oklob plant
  5121 | D:7      | Reached skill level 8 in Maces & Flails
  5124 | D:7      | Noticed Harold
  5143 | D:7      | Killed Harold
  5143 | D:7      | Reached skill level 5 in Fighting
  5143 | D:7      | Reached XP level 9. HP: 59/68 MP: 9/9
  5168 | D:7      | Noticed Dowan
  5169 | D:7      | Noticed Duvessa
  5177 | D:7      | Killed Duvessa
  5190 | D:7      | Reached skill level 9 in Maces & Flails
  5192 | D:7      | Killed Dowan
  5205 | D:7      | Reached skill level 5 in Armour
  5274 | D:7      | Noticed Jessica
  5281 | D:7      | Killed Jessica
  5283 | D:7      | Found a shimmering blue altar of Sif Muna.
  5309 | D:7      | Reached ** piety under Makhleb
  5434 | D:7      | Found an ornate altar of the Wu Jian Council.
  5660 | D:7      | Killed an oklob plant
  5950 | D:8      | Reached skill level 5 in Dodging
  6186 | D:8      | Noticed Pikel
  6198 | D:8      | Killed Pikel
  6198 | D:8      | Gained mutation: Your demonic aura causes spilled blood to
                  | erupt in flames. [demonic ancestry]
  6198 | D:8      | Reached XP level 10. HP: 68/76 MP: 10/10
  6207 | D:8      | Found Mylugoi's Antique Weapon Emporium.
  6211 | D:8      | Reached skill level 10 in Maces & Flails
  6229 | D:8      | Bought a twisted morningstar for 225 gold pieces
  6229 | D:8      | Identified the cursed +3 morningstar of Purpose {elec, rC+
                  | Str+4 Stlth+} (You bought it in a shop on level 8 of the
                  | Dungeon)
  6737 | D:9      | Found a hide-covered altar of Uskayaw.
  6739 | D:9      | Found a sacrificial altar of Ru.
  6814 | D:9      | Found Saguask's Magic Scroll Shoppe.
  6836 | D:9      | Bought a scroll of enchant weapon for 127 gold pieces
  6887 | D:9      | Found a staircase to the Lair.
  7023 | D:10     | Entered Level 10 of the Dungeon
  7028 | D:10     | Noticed Erica
  7030 | D:10     | Reached *** piety under Makhleb
  7035 | D:10     | Killed Erica
  7193 | D:10     | Reached skill level 11 in Maces & Flails
  7227 | D:10     | Noticed Snorg
  7236 | D:10     | Killed Snorg
  7236 | D:10     | Gained mutation: You have hooves in place of feet. [demonic
                  | ancestry]
  7236 | D:10     | Reached XP level 11. HP: 79/84 MP: 11/11
  7364 | D:10     | Reached **** piety under Makhleb
  7365 | D:10     | Noticed Grum
  7371 | D:10     | Killed Grum
  7412 | D:10     | Noticed a two-headed ogre
  7414 | D:10     | Killed a two-headed ogre
  7653 | D:10     | Found a staircase to the Orcish Mines.
  7667 | D:10     | Reached skill level 12 in Maces & Flails
  7934 | D:11     | Reached ***** piety under Makhleb
  8562 | Lair:1   | Entered Level 1 of the Lair of Beasts
  8594 | Lair:1   | Gained mutation: You are mostly covered in yellow scales.
                  | (AC +3) [demonic ancestry]
  8594 | Lair:1   | Reached XP level 12. HP: 94/94 MP: 12/12
  8622 | Lair:1   | Noticed a seven-headed hydra
  8629 | Lair:1   | Killed a seven-headed hydra
  8671 | Lair:1   | Reached skill level 13 in Maces & Flails
  9145 | Lair:1   | Noticed a five-headed hydra
  9151 | Lair:1   | Killed a five-headed hydra
  9151 | Lair:1   | Reached skill level 1 in Invocations
  9151 | Lair:1   | Reached skill level 1 in Evocations
  9828 | Lair:2   | Noticed a four-headed hydra
  9835 | Lair:2   | Killed a four-headed hydra
 10050 | Lair:2   | Noticed Fannar
 10056 | Lair:2   | Killed Fannar
 10056 | Lair:2   | Reached skill level 5 in Shields
 10531 | Lair:3   | Found a hole to the Spider Nest.
 11001 | Lair:4   | Noticed a seven-headed hydra
 11005 | Lair:4   | Killed a seven-headed hydra
 11199 | Lair:4   | Found a staircase to the Swamp.
 11216 | Lair:4   | Noticed an eight-headed hydra
 11223 | Lair:4   | Killed an eight-headed hydra
 11223 | Lair:4   | Reached skill level 14 in Maces & Flails
 11405 | Lair:4   | Gained mutation: A demonic guardian rushes to your aid.
                  | [demonic ancestry]
 11405 | Lair:4   | Reached XP level 13. HP: 101/101 MP: 16/16
 11759 | Lair:5   | Reached skill level 5 in Invocations
 11791 | Lair:5   | Reached ****** piety under Makhleb
 12624 | Lair:6   | Entered Level 6 of the Lair of Beasts
 12747 | Lair:6   | Reached skill level 5 in Evocations
 12869 | Lair:6   | Found a staircase to the Slime Pits.
 12888 | Lair:6   | Reached skill level 10 in Fighting
 13222 | Lair:6   | Reached XP level 14. HP: 110/110 MP: 19/19
 13717 | Orc:1    | Entered Level 1 of the Orcish Mines
 13767 | Orc:1    | Noticed a stone giant
 13779 | Orc:1    | Killed a stone giant
 13888 | Orc:1    | Found a roughly hewn altar of Beogh.
 13986 | Orc:1    | Found Doixoroc's Book Shoppe.
 14032 | Orc:1    | Noticed Jorgrun
 14047 | Orc:1    | HP: 2/110 [Jorgrun/uncursed staff of earth (7)]
 14052 | Orc:1    | Killed Jorgrun
 14433 | Orc:2    | Entered Level 2 of the Orcish Mines
 14445 | Orc:2    | Found a staircase to the Elven Halls.
 14448 | Orc:2    | Reached skill level 15 in Maces & Flails
 14528 | Orc:2    | Found Loan Koy's Antique Weapon Shop.
 14602 | Orc:2    | Found Ystyrym's Jewellery Emporium.
 14655 | Orc:2    | Found Wied's Book Boutique.
 14656 | Orc:2    | Found Loemuf's Jewellery Shop.
 14780 | Orc:2    | Found Ledoquny's Assorted Antiques.
 14788 | Orc:2    | Bought a pair of runed gloves for 255 gold pieces
 15250 | D:12     | You fall into a shaft and drop 1 floor!
 15720 | D:13     | Gained mutation: You are robust. (+10% HP) [demonic
                  | ancestry]
 15720 | D:13     | Reached XP level 15. HP: 95/128 MP: 22/22
 15785 | D:13     | Found a gate to the Vaults.
 16439 | D:14     | Found a frozen archway.
 16518 | IceCv    | Entered an ice cave
 16612 | IceCv    | Got a pair of slimy gloves
 16879 | D:14     | Identified the +0 pair of gloves of Ufuditoe {Str+6 Dex-3
                  | Stlth+} (You found it in an ice cave)
 16949 | D:14     | Reached skill level 16 in Maces & Flails
 17052 | D:14     | Reached skill level 10 in Invocations
 17554 | D:15     | Entered Level 15 of the Dungeon
 17563 | D:15     | Found Qabuotza's Armour Shoppe.
 18034 | D:15     | Found an iron altar of Okawaru.
 18080 | D:15     | Found Cueff's Armour Emporium.
 18206 | D:15     | Found a staircase to the Depths.
 18270 | D:15     | Found Qenuh's Distillery.
 18866 | Swamp:1  | Entered Level 1 of the Swamp
 18987 | Swamp:1  | Reached XP level 16. HP: 139/139 MP: 24/24
 18989 | Swamp:1  | Identified Roxanne's Reference Book on Transformation
 18989 | Swamp:1  | Noticed Roxanne
 19002 | Swamp:1  | Killed Roxanne
 19593 | Swamp:2  | Noticed Aizul
 19600 | Swamp:2  | Killed Aizul
 19786 | Swamp:2  | You fall into a shaft and drop 1 floor!
 20478 | Swamp:3  | Noticed a tentacled monstrosity
 20500 | Swamp:3  | Killed a tentacled monstrosity
 20786 | Swamp:3  | Noticed a thorn hunter
 20795 | Swamp:3  | Killed a thorn hunter
 21240 | Swamp:4  | Entered Level 4 of the Swamp
 21535 | Swamp:4  | Slain by a seven-headed hydra

Levels and vault maps discovered:
D:1:      dpeg_arrival_tiny_d, layout_loops_ring
D:2:      layout_basic, minmay_cut_off
D:3:      layout_loops_ring, lemuel_crystal_altar, minmay_quantized
D:4:      layout_rooms, temple_green, uniq_menkaure
D:5:      layout_basic, lemuel_round_altar, first_ration, uniq_prince_ribbit1
D:6:      layout_basic, bloody_trog, marbit_many_paths,
          ebering_ghost_disaster_area, chequers_serial_rivers_micro_c
D:7:      layout_loops_ring, lemuel_coloured_pillars_altar, cheibriados_altar_1,
          tgw_sif, tgw_fedhas, uniq_duvessa, uniq_harold
D:8:      layout_loops_corners, serial_shops, shop_statue, uniq_pikel
D:9:      layout_roguey, lemuel_crystal_altar, overflow_temple_1_default,
          lair_entry_dummy, serial_shops, nicolae_shop_trees
D:10:     minmay_s_stair_smasher, layout_rooms,
          kennysheep_orc_monster_closet_entryway, uniq_grum, uniq_erica,
          uniq_snorg
D:11:     layout_cave_pods
D:12:     layout_rooms, serial_ice, serial_ice_n, serial_ice_a, serial_ice_d,
          serial_ice_l, serial_ice_o
D:13:     layout_irregular_city, skrybe_vaults_entry_preservation
D:14:     layout_rooms, hangedman_decor_push, portal_ice_cave_entry_ice_beasts,
          blue_anna_alchemist [blue_anna_fruit_fields, blue_anna_fruit_fields],
          minmay_fire_ice_demons
D:15:     gammafunk_enter_depths_forms, layout_stronghold, basic_altar,
          serial_shops, shop, nicolae_shop_behind_doors, nicolae_shop_stone,
          dk_noncrumbling_3, minmay_pinched_square
Temple:   minmay_temple_bridge_abc
Lair:1:   layout_gridlike, minivault_27, grunt_megastairs_5,
          serial_bayou_shore_a, serial_bayou_shore_b
Lair:2:   layout_cave_pods, uniq_fannar
Lair:3:   layout_roguey, dummy_spider_entry
Lair:4:   layout_small_grid, minmay_swamp_entry_worms,
          minmay_lair_oklob_chamber, lemuel_fruit_tree
Lair:5:   layout_cave_pods
Lair:6:   guppyfry_lair_end_dragon, layout_loops_ring, slime_dummy,
          grunt_megastairs_1
Swamp:1:  layout_falls_marsh, evilmike_swamp_ruin_house_1, uniq_roxanne
Swamp:2:  layout_basic_swamp, hangedman_swamp_lotus, swamp_pool3, uniq_aizul
Swamp:3:  cheibrodos_swamp_monstrosity, layout_basic_swamp,
          evilmike_swamp_ruin_wall, swamp_pool4
Swamp:4:  swamp_basic_johnstein, layout_basic_swamp, swamp_pool4
Orc:1:    layout_caves, serial_shops, shop, minmay_orc_temple_b, uniq_jorgrun
Orc:2:    st_orc_open, layout_diamond_mine, serial_shops, shop

Skill      XL: |  1  2  3  4  5  6  7  8  9 10 11 12 13 14 15 16 |
---------------+-------------------------------------------------+-----
Maces & Flails | 3 4 5 6 8 9 11 12 14 15 16 | 16.6
Dodging        | 3 4 5 6 7 8 9 |  9.2
Armour         | 1 2 3 4 5 6 7 8 9 |  9.1
Fighting       | 3 5 6 7 8 9 10 12 | 12.7
Shields        | 1 2 3 4 5 6 7 9 |  9.1
Invocations    | 4 7 9 10 12 | 12.0
Evocations     | 3 5 7 8 9 |  9.8
Throwing       | |  1.7

Action                   |  1- 3 |  4- 6 |  7- 9 | 10-12 | 13-15 | 16-18 || total
-------------------------+-------+-------+-------+-------+-------+-------++-------
Melee: Flail             |    90 |   119 |   148 |       |       |       ||   357
       Kick              |    20 |    28 |    69 |   136 |   366 |   134 ||   753
       Mace              |       |       |   115 |     9 |       |       ||   124
       Morningstar       |       |       |       |   344 |   838 |   388 ||  1570
Throw: Throwing net      |     2 |     2 |     2 |       |       |       ||     6
Evoke: Wand              |       |       |       |     3 |     3 |     1 ||     7
  Use: Scroll            |       |     6 |     5 |    11 |    18 |     3 ||    43
       Potion            |       |       |     3 |       |     2 |     1 ||     6
 Stab: Sleeping          |       |       |     4 |     7 |    11 |     7 ||    29
       Distracted        |       |       |     4 |     1 |     3 |       ||     8
  Eat: Chunk             |       |     6 |     8 |    14 |    24 |     5 ||    57
       Ration            |       |       |     2 |     1 |     1 |     1 ||     5
Armor: Leather armour    |    14 |       |       |       |       |       ||    14
       Ring mail         |    13 |    43 |    77 |    85 |   207 |    84 ||   509
Dodge: Dodged            |    76 |    73 |   121 |   199 |   424 |   215 ||  1108
Block: Buckler           |       |    12 |    54 |   120 |   291 |   241 ||   718
       Reflection        |       |       |       |       |    11 |     7 ||    18
